PCL
DISTRICT 9 PRAWNS @ SAN JOSE MISSIONS
08/17/2028
 
TOP OF THE 1ST
District 9 Prawns batting - Pitching for San Jose Missions : RHP Luis Ortíz
Pitching: RHP Luis Ortíz
Batting: SHB José Estreito 0-0: Ball
1-0: Ball
2-0: Ball
3-0: Called Strike
3-1: Base on Balls
Batting: RHB José Colón 0-0: Foul Ball, location: 2F
0-1: Ball
Wild Pitch!
José Estreito to second
1-1: Ball
2-1: Foul Ball, location: 2F
2-2: Strikes out swinging
Batting: RHB Felipe Jareño 0-0: Ball
1-0: Ball
2-0: Ball
3-0: Called Strike
3-1: Base on Balls
Batting: RHB Jesús Cruz 0-0: Ball
1-0: Ball
2-0: Foul Ball, location: 2F
2-1: Fly out, F8 (Flyball, 8RM)
Batting: RHB Reynold Akker 0-0: Ball
1-0: Called Strike
1-1: Ball
2-1: Ball
3-1: Foul Ball, location: 2F
3-2: Base on Balls
José Estreito to third
Felipe Jareño to second
Batting: LHB Al Bartlett 0-0: Fielders Choice at 2nd, 6-4 (Groundball, 6)
Top of the 1st over - 0 run(s), 0 hit(s), 0 error(s), 2 left on base; District 9 0 - San Jose 0
BOTTOM OF THE 1ST
San Jose Missions batting - Pitching for District 9 Prawns : RHP Bret McJannett
Pitching: RHP Bret McJannett
Batting: RHB Chang-geun Kim 0-0: Ground out 4-3 (Groundball, 34)
Batting: RHB Jorge Díaz 0-0: Called Strike
0-1: Swinging Strike
0-2: Ground out 5-3 (Groundball, 5)
Batting: LHB Chris Austin 0-0: SINGLE (Groundball, 34D)
Batting: RHB Dale Taylor 0-0: Ball
1-0: Called Strike
1-1: Called Strike
1-2: Ball
Wild Pitch!
Chris Austin to second
2-2: Foul Ball, location: 2F
2-2: Foul Ball, location: 2F
2-2: Ball
3-2: Strikes out swinging
Bottom of the 1st over - 0 run(s), 1 hit(s), 0 error(s), 1 left on base; District 9 0 - San Jose 0
TOP OF THE 2ND
District 9 Prawns batting - Pitching for San Jose Missions : RHP Luis Ortíz
Batting: RHB Gil Palmer 0-0: Ball
1-0: Fly out, F8 (Flyball, 8LD)
Batting: LHB Leonard Harvey 0-0: Ball
1-0: Swinging Strike
1-1: Ball
2-1: Ball
3-1: Called Strike
3-2: SINGLE (Groundball, 34) (infield hit)
Batting: RHB Phil Jacobs 0-0: Ball
1-0: Ball
2-0: Foul Ball, location: 2F
2-1: Called Strike
2-2: Foul Ball, location: 2F
2-2: Foul Ball, location: 2F
2-2: Ball
3-2: Base on Balls
Leonard Harvey to second
Batting: SHB José Estreito 0-0: Called Strike
0-1: Ball
1-1: Ball
2-1: Ball
3-1: Base on Balls
Leonard Harvey to third
Phil Jacobs to second
Batting: RHB José Colón 0-0: Ball
1-0: Fly out, F9 (Line Drive, 89M)
Runner from 3rd tags up, SCORES, no throw
Batting: RHB Felipe Jareño 0-0: Ball
1-0: DOUBLE (Line Drive, 7D)
Phil Jacobs scores
José Estreito to third
Runner from 3rd tries for Home, SAFE, no throw
Batting: RHB Jesús Cruz 0-0: Called Strike
0-1: Ball
1-1: Ball
2-1: Ground out 6-3 (Groundball, 56)
Top of the 2nd over - 3 run(s), 2 hit(s), 0 error(s), 1 left on base; District 9 3 - San Jose 0
BOTTOM OF THE 2ND
San Jose Missions batting - Pitching for District 9 Prawns : RHP Bret McJannett
Batting: LHB Alan McGilroy 0-0: Called Strike
0-1: Foul Ball, location: 2F
0-2: Ball
1-2: Ball
2-2: Foul Ball, location: 2F
2-2: SOLO HOME RUN (Flyball, 9LD), Distance : 342 ft
Batting: RHB Naomichi Aoki 0-0: DOUBLE (Flyball, 89XD)
Batting: RHB Ed Starr 0-0: Ball
1-0: Called Strike
1-1: Foul Ball, location: 2F
1-2: Ground out 4-3 (Groundball, 4)
Naomichi Aoki to third
Batting: RHB Bobby Brewster 0-0: Swinging Strike
0-1: Ball
1-1: Ball
2-1: Foul Ball, location: 2F
2-2: Foul Ball, location: 2F
2-2: Ball
3-2: Foul Ball, location: 2F
3-2: Base on Balls
Batting: RHB Miguel Mendoza 0-0: Foul Ball, location: 2F
0-1: Ball
1-1: Grounds into double play, 4-6-3 (Groundball, 4)
Bottom of the 2nd over - 1 run(s), 2 hit(s), 0 error(s), 1 left on base; District 9 3 - San Jose 1
TOP OF THE 3RD
District 9 Prawns batting - Pitching for San Jose Missions : RHP Luis Ortíz
Batting: RHB Reynold Akker 0-0: Ball
1-0: Called Strike
1-1: Foul Ball, location: 2F
1-2: Ball
2-2: Ball
3-2: Fly out, F9 (Flyball, 9LS)
Batting: LHB Al Bartlett 0-0: Foul Ball, location: 2F
0-1: Called Strike
0-2: Ball
1-2: SINGLE (Line Drive, 34D)
Batting: RHB Gil Palmer 0-0: Called Strike
0-1: Ball
1-1: Foul Ball, location: 2F
1-2: Ball
2-2: Fly out, F7 (Line Drive, 7LM)
Batting: LHB Leonard Harvey 0-0: Ball
1-0: Foul Ball, location: 2F
1-1: Fly out, F7 (Line Drive, 78S)
Top of the 3rd over - 0 run(s), 1 hit(s), 0 error(s), 1 left on base; District 9 3 - San Jose 1
BOTTOM OF THE 3RD
San Jose Missions batting - Pitching for District 9 Prawns : RHP Bret McJannett
Batting: RHB Chang-geun Kim 0-0: Ball
1-0: Ball
2-0: Called Strike
2-1: Swinging Strike
2-2: Ball
3-2: SOLO HOME RUN (Flyball, 7D), Distance : 369 ft
Batting: RHB Jorge Díaz 0-0: Ball
1-0: Called Strike
1-1: Ball
2-1: SINGLE (Line Drive, 8LS)
Batting: LHB Chris Austin 0-0: Ball
1-0: Ball
2-0: DOUBLE (Line Drive, 7LM)
Jorge Díaz to third
Batting: RHB Dale Taylor 0-0: Foul Ball, location: 2F
0-1: Called Strike
0-2: Ball
1-2: Strikes out swinging
Batting: LHB Alan McGilroy 0-0: Called Strike
0-1: Swinging Strike
0-2: Ball
1-2: Ground out U3 (Groundball, 34)
Jorge Díaz scores
Chris Austin to third
Batting: RHB Naomichi Aoki 0-0: Ball
1-0: Called Strike
1-1: Ball
2-1: Ball
3-1: Foul Ball, location: 2F
3-2: Foul Ball, location: 2F
3-2: Fly out, F8 (Flyball, 8LS)
Bottom of the 3rd over - 2 run(s), 3 hit(s), 0 error(s), 1 left on base; District 9 3 - San Jose 3
TOP OF THE 4TH
District 9 Prawns batting - Pitching for San Jose Missions : RHP Luis Ortíz
Batting: RHB Phil Jacobs 0-0: Ball
1-0: Foul Ball, location: 2F
1-1: Swinging Strike
1-2: Foul Ball, location: 2F
1-2: Foul Ball, location: 2F
1-2: Ball
2-2: Foul Ball, location: 2F
2-2: Foul Ball, location: 2F
2-2: Strikes out swinging
Batting: SHB José Estreito 0-0: Foul Ball, location: 2F
0-1: Ground out 4-3 (Groundball, 4)
Batting: RHB José Colón 0-0: Ball
1-0: Ball
2-0: Foul Ball, location: 2F
2-1: Ball
3-1: SINGLE (Groundball, 56D)
Batting: RHB Felipe Jareño 0-0: Ball
1-0: Ball
2-0: Ball
3-0: Called Strike
3-1: Called Strike
3-2: Strikes out swinging
Top of the 4th over - 0 run(s), 1 hit(s), 0 error(s), 1 left on base; District 9 3 - San Jose 3
BOTTOM OF THE 4TH
San Jose Missions batting - Pitching for District 9 Prawns : RHP Bret McJannett
Batting: RHB Ed Starr 0-0: Ball
1-0: Ball
2-0: Ball
3-0: Called Strike
3-1: Swinging Strike
3-2: Fly out, F9 (Flyball, 9LS)
Batting: RHB Bobby Brewster 0-0: Foul Ball, location: 2F
0-1: Fly out, F4 (Popup, 4)
Batting: RHB Miguel Mendoza 0-0: Ball
1-0: Called Strike
1-1: Ground out 6-3 (Groundball, 6)
Bottom of the 4th over - 0 run(s), 0 hit(s), 0 error(s), 0 left on base; District 9 3 - San Jose 3
TOP OF THE 5TH
District 9 Prawns batting - Pitching for San Jose Missions : RHP Luis Ortíz
Pitching: RHP Rafael Ressureio
Batting: RHB Jesús Cruz 0-0: Ground out 6-3 (Groundball, 6)
Batting: RHB Reynold Akker 0-0: Ground out 3-1 (Groundball, 34S)
Batting: LHB Al Bartlett 0-0: Ball
1-0: Ground out 4-3 (Groundball, 6M)
Top of the 5th over - 0 run(s), 0 hit(s), 0 error(s), 0 left on base; District 9 3 - San Jose 3
BOTTOM OF THE 5TH
San Jose Missions batting - Pitching for District 9 Prawns : RHP Bret McJannett
Batting: RHB Chang-geun Kim 0-0: Ball
1-0: Ball
2-0: Ground out 4-3 (Groundball, 4)
Batting: RHB Jorge Díaz 0-0: Ball
1-0: Called Strike
1-1: Called Strike
1-2: Ball
2-2: Ground out 6-3 (Groundball, 56)
Batting: LHB Chris Austin 0-0: Ball
1-0: Ball
2-0: SINGLE (Groundball, 34D)
Batting: RHB Dale Taylor 0-0: Called Strike
0-1: Ball
1-1: SINGLE (Line Drive, 78S)
Chris Austin to second
Batting: LHB Alan McGilroy 0-0: Ball
1-0: Foul Ball, location: 2F
1-1: Foul Ball, location: 2F
1-2: Ball
2-2: Ball
3-2: Strikes out swinging
Bottom of the 5th over - 0 run(s), 2 hit(s), 0 error(s), 2 left on base; District 9 3 - San Jose 3
TOP OF THE 6TH
District 9 Prawns batting - Pitching for San Jose Missions : RHP Rafael Ressureio
Batting: RHB Gil Palmer 0-0: Ball
1-0: Called Strike
1-1: Foul Ball, location: 2F
1-2: Ball
2-2: Ball
3-2: Strikes out looking
Batting: LHB Leonard Harvey 0-0: Ball
1-0: Foul Ball, location: 2F
1-1: Ball
2-1: Called Strike
2-2: Foul Ball, location: 2F
2-2: Fly out, F7 (Flyball, 7S)
Batting: RHB Phil Jacobs 0-0: Ball
1-0: Called Strike
1-1: Called Strike
1-2: Ball
2-2: Foul Ball, location: 2F
2-2: Strikes out swinging
Top of the 6th over - 0 run(s), 0 hit(s), 0 error(s), 0 left on base; District 9 3 - San Jose 3
BOTTOM OF THE 6TH
San Jose Missions batting - Pitching for District 9 Prawns : RHP Bret McJannett
Batting: RHB Naomichi Aoki 0-0: Ball
1-0: Called Strike
1-1: Ball
2-1: Swinging Strike
2-2: Strikes out swinging
Batting: RHB Ed Starr 0-0: Called Strike
0-1: Ball
1-1: Called Strike
1-2: Ball
2-2: Ball
3-2: Strikes out swinging
Batting: RHB Bobby Brewster 0-0: Ball
1-0: Ball
2-0: SOLO HOME RUN (Flyball, 78XD), Distance : 421 ft
Batting: RHB Miguel Mendoza 0-0: Called Strike
0-1: Ball
1-1: Foul Ball, location: 2F
1-2: SINGLE (Line Drive, 7LS)
Pitching: RHP José Huerta
Batting: RHB Chang-geun Kim 0-0: Ball
1-0: Ball
2-0: Called Strike
2-1: Ball
3-1: Fielders Choice at 2nd, 6-4 (Groundball, 6)
Bottom of the 6th over - 1 run(s), 2 hit(s), 0 error(s), 0 left on base; District 9 3 - San Jose 4
TOP OF THE 7TH
District 9 Prawns batting - Pitching for San Jose Missions : RHP Rafael Ressureio
Batting: SHB José Estreito 0-0: Called Strike
0-1: Ball
1-1: Ball
2-1: Ground out 1-3 (Groundball, 13)
Batting: RHB José Colón 0-0: Foul Ball, location: 2F
0-1: Fly out, F9 (Flyball, 9S)
Batting: RHB Felipe Jareño 0-0: Foul Ball, location: 2F
0-1: Ball
1-1: Ball
2-1: Swinging Strike
2-2: Foul Ball, location: 2F
2-2: Foul Ball, location: 2F
2-2: Fly out, F8 (Flyball, 8LD)
Top of the 7th over - 0 run(s), 0 hit(s), 0 error(s), 0 left on base; District 9 3 - San Jose 4
BOTTOM OF THE 7TH
San Jose Missions batting - Pitching for District 9 Prawns : RHP José Huerta
Batting: RHB Jorge Díaz 0-0: Swinging Strike
0-1: Swinging Strike
0-2: Strikes out looking
Pitching: LHP Norberto Marerro
Batting: LHB Chris Austin 0-0: Called Strike
0-1: Ball
1-1: Ball
2-1: Ball
3-1: Foul Ball, location: 2F
3-2: Foul Ball, location: 2F
3-2: Base on Balls
Batting: RHB Dale Taylor 0-0: Called Strike
0-1: Ball
1-1: Ball
2-1: Foul Ball, location: 2F
2-2: SINGLE (Line Drive, 6)
Chris Austin to second
Pitching: LHP Ricardo Vega
Pinch Hitting: RHB Irwin Duncan 0-0: Foul Ball, location: 2F
0-1: Fly out, F9 (Flyball, 9LDF)
Runner from 2nd tags up, SAFE at 3rd, no throw
Batting: RHB Naomichi Aoki 0-0: Called Strike
Pickoff Throw to First - Out!
Bottom of the 7th over - 0 run(s), 1 hit(s), 0 error(s), 0 left on base; District 9 3 - San Jose 4
TOP OF THE 8TH
District 9 Prawns batting - Pitching for San Jose Missions : RHP Rafael Ressureio
Pitching: RHP Bill Long
Now in RF: Irwin Duncan
Batting: RHB Jesús Cruz 0-0: Ball
1-0: Swinging Strike
1-1: Swinging Strike
1-2: Strikes out looking
Batting: RHB Reynold Akker 0-0: Foul Ball, location: 2F
0-1: Called Strike
0-2: Ball
1-2: Ground out 6-3 (Groundball, 6)
Pitching: LHP Morgan O'Day
Batting: LHB Al Bartlett 0-0: Called Strike
0-1: Ball
1-1: Ball
2-1: Ground out 3-1 (Groundball, 34)
Top of the 8th over - 0 run(s), 0 hit(s), 0 error(s), 0 left on base; District 9 3 - San Jose 4
BOTTOM OF THE 8TH
San Jose Missions batting - Pitching for District 9 Prawns : LHP Ricardo Vega
Batting: RHB Naomichi Aoki 0-0: Called Strike
0-1: Called Strike
0-2: Ball
1-2: Strikes out swinging
Batting: RHB Ed Starr 0-0: Ball
1-0: Ball
2-0: Ball
3-0: Called Strike
3-1: Called Strike
3-2: Base on Balls
Pinch Hitting: RHB Peyton Pennington 0-0: Called Strike
0-1: Called Strike
0-2: Strikes out looking
Batting: RHB Miguel Mendoza 0-0: Foul Ball, location: 2F
0-1: SINGLE (Groundball, 6MD)
Ed Starr to second
Batting: RHB Chang-geun Kim 0-0: Foul Ball, location: 2F
0-1: Ball
1-1: Foul Ball, location: 2F
1-2: Foul Ball, location: 2F
1-2: Ball
2-2: Strikes out swinging
Bottom of the 8th over - 0 run(s), 1 hit(s), 0 error(s), 2 left on base; District 9 3 - San Jose 4
TOP OF THE 9TH
District 9 Prawns batting - Pitching for San Jose Missions : LHP Morgan O'Day
Pitching: RHP Paul Lewis
Now at 3B: Glenn Johnson
Batting: RHB Gil Palmer 0-0: Ball
1-0: Swinging Strike
1-1: Ground out U3 (Groundball, 2R)
Batting: LHB Leonard Harvey 0-0: Called Strike
0-1: Ball
1-1: Ground out 4-3 (Groundball, 4MS)
Pinch Hitting: RHB Doug O'Brien 0-0: Called Strike
0-1: Ball
1-1: Foul Ball, location: 2F
1-2: Ground out 3-1 (Groundball, 34)
Top of the 9th over - 0 run(s), 0 hit(s), 0 error(s), 0 left on base; District 9 3 - San Jose 4
Tuesday, August 8th, 2017 - OOTP Baseball 17.12 Build 75